 Dungeon Crawl Stone Soup version 0.31-a0-263-ge8cad7f256 (webtiles) character file.

Game seed: 18125822188945400490

12702 qw the Skirmisher (level 11, -10/99 HPs)
             Began as a Minotaur Hexslinger on July 13, 2023.
             Was an Elder of Okawaru.
             Mangled by a death yak (18 damage)
             ... on level 1 of the Lair of Beasts.
             The game lasted 00:04:11 (10173 turns).

qw the Skirmisher (Minotaur Hexslinger)            Turns: 10173, Time: 00:04:12

Health: -10/99     AC: 13    Str: 20    XL:     11   Next: 65%
Magic:  14/15      EV: 23    Int: 14    God:    Okawaru [****..]
Gold:   208        SH:  4    Dex: 16    Spells: 11/12 levels left

rFire   . . .        e - +7 orcbow
rCold   . . .        (shield currently unavailable)
rNeg    . . .        k - +1 leather armour {rPois}
rPois   +            s - +2 hat {Stlth+}
rElec   .            b - +0 cloak
rCorr   .            h - +0 pair of gloves
SInv    .            a - +0 pair of boots
Will    .....        (no amulet)
Stlth   +++          q - ring "Zaddyf" {Fly Str+6 Int+4 Slay+2 Stlth-}
HPRegen 0.36/turn    d - +5 ring of evasion
MPRegen 0.14/turn

%: no passive effects
@: heroic, flying
A: horns 2, retaliatory headbutt, iridescent scales 1, large bone plates 1
a: Renounce Religion, Heroism, Finesse


You were on level 1 of the Lair of Beasts.
You worshipped Okawaru.
Okawaru was greatly pleased with you.
You visited 3 branches of the dungeon, and saw 11 of its levels.

You collected 489 gold pieces.
You spent 281 gold pieces at shops.


Innate Abilities, Weirdness & Mutations

You have a pair of horns on your head.
You reflexively headbutt those who attack you in melee.
You are partially covered in iridescent scales. (AC +2)
You are partially covered in large bone plates. (SH +4)


   Skills:
 - Level 10.0(15.0) Fighting
 + Level 14.7(19.7) Ranged Weapons
 - Level 4.5(9.5) Armour
 - Level 6.2(11.2) Dodging
 - Level 1.0 Spellcasting
 - Level 2.0 Hexes
 + Level 7.7 Invocations


You had 11 spell levels left.
You knew the following spells:

 Your Spells              Type           Power      Damage    Failure   Level
a - Slow                  Hex            24%        N/A       13%         1

Your spell library contained the following spells:

 Spells                   Type           Power      Damage    Failure   Level
 Inner Flame              Hex/Fire       3%         N/A       50%         3
 Portal Projectile        Hex/Tloc       6%         N/A       50%         3
 Cause Fear               Hex            3%         N/A       77%         4

Inventory:

Hand Weapons
 e - a +7 orcbow (weapon)
Armour
 a - a +0 pair of boots (worn)
 b - a +0 cloak (worn)
 h - a +0 pair of gloves (worn)
 k - a +1 leather armour of poison resistance (worn)
 p - a +3 leather armour of fire resistance
 s - a +2 hat of stealth (worn)
 t - a +0 troll leather armour
Jewellery
 d - a +5 ring of evasion (right hand)
 i - a +4 ring of protection
 m - an amulet of guardian spirit
 q - the ring "Zaddyf" (left hand) {Fly Str+6 Int+4 Slay+2 Stlth-}
   (You acquired it on level 9 of the Dungeon)

   [ring of strength]

   Str:       It affects your strength (+6).
   Int:       It affects your intelligence (+4).
   Slay:      It affects your accuracy & damage with ranged weapons and melee
   (+2).
   Fly:       It grants you flight.
   Stlth:     It makes you less stealthy.
Wands
 f - a wand of digging (5)
Scrolls
 j - a scroll of identify
 o - 2 scrolls of teleportation
Potions
 g - 2 potions of mutation
 l - a potion of cancellation {unknown}
 r - a potion of enlightenment

Dungeon Overview and Level Annotations

Branches:
Dungeon (9/15)             Temple (1/1) D:4            Lair (1/5) D:9
    Orc: D:9-12

Altars:
Ashenzari
Cheibriados
Dithmenos
Elyvilon
Fedhas
Gozag
Hepliaklqana
Kikubaaqudgha
Makhleb
Nemelex Xobeh
Okawaru
Qazlal
Ru
Sif Muna
Trog
Uskayaw
Vehumet
Wu Jian
Xom
Yredelemnul
Zin
The Shining One
Jiyva

Shops:
D:3 (   D:7 (:([[

Annotations:
D:9 3 runed translucent doors, qw's ghost, novice MiHs
Lair:1 1 runed translucent door, qw's ghost, journeyman GrFi


Message History

The arrow hits the death yak but does no damage.
The death yak is severely wounded.
You shoot an arrow. The arrow barely misses the death yak.
The arrow hits the death yak!
The death yak is lightly wounded.
You shoot an arrow. The arrow hits the death yak.
The death yak is severely wounded.
You shoot an arrow. The arrow barely misses the death yak.
The arrow hits the death yak but does no damage.
The death yak is lightly wounded.
The death yak gores you!
You shoot an arrow. The arrow hits the death yak.
The death yak is severely wounded.
The death yak gores you!
You shoot an arrow.
The arrow hits the death yak but does no damage.
The death yak is severely wounded.
You shoot an arrow. The arrow hits the death yak.
The death yak is severely wounded.
The death yak completely misses you. The death yak gores you!!
The death yak gores you!
You shoot an arrow. The arrow hits the death yak.
The death yak is almost dead.
The death yak gores you but does no damage.
You block the death yak's attack. The death yak gores you!
You shoot an arrow.
The arrow hits the death yak but does no damage.
The death yak is almost dead.
You shoot an arrow. The arrow hits the death yak!
You kill the death yak!
Okawaru accepts your kill. The death yak completely misses you.
You block the death yak's attack.
You shoot an arrow. The arrow hits the death yak!
The death yak is lightly wounded.
The death yak closely misses you. x2; The death yak gores you!
You shoot an arrow.
The arrow hits the death yak but does no damage.
The death yak is lightly wounded.
The death yak gores you! x2; The death yak gores you!!
You die...

#........###. ...#
#............ ....#
######....... .....#
###..... ......#### ##....
.........# #.... .........#
#.... .........Y..### #....
.........Y@...##### #....
.........Y......... #....
............#...... ##....
#...........##.....###.....
........#.##.#######....#..
........#.##............#..
........#.##...#...........
......^...##...#....:...#..
........#..................


You could see 3 death yaks.

Vanquished Creatures
  Gastronok (D:8)
  Erolcha (D:9)
  3 death yaks (Lair:1)
  7 elephants
  A black mamba (Lair:1)
  A cane toad (Lair:1)
  A rime drake (Lair:1)
  A komodo dragon (Lair:1)
  A troll (D:9)
  3 blink frogs (Lair:1)
  A hornet (D:9)
  Sigmund (D:2)
  2 wyverns (D:9)
  10 yaks
  2 basilisks
  4 ice beasts
  A black bear (D:9)
  3 orc warriors
  2 ogres
  2 centaurs
  A phantom (D:6)
  2 kobold brigands (D:9)
  4 bullfrogs
  3 scorpions
  4 killer bees (D:8)
  3 howler monkeys (D:9)
  2 hounds
  2 orc priests (D:8)
  3 jellies
  A centaur skeleton (D:4)
  A sleepcap (D:4)
  A gnoll bouda (D:6)
  A scorpion zombie (D:4)
  An iguana (D:7)
  4 orc wizards
  A howler monkey zombie (D:4)
  10 gnolls
  10 adders
  3 ufetubi
  3 adder zombies (D:4)
  An adder skeleton (D:4)
  2 worms
  A dart slug (D:1)
  27 orcs
  5 ball pythons
  4 bats
  13 endoplasms
  3 giant cockroaches
  4 goblins
  6 hobgoblins
  3 jackals (D:2)
  14 kobolds
  3 quokkas
  8 frilled lizards
  A quokka zombie (D:4)
  4 rats
207 creatures vanquished.

Notes
Turn   | Place    | Note
-------+----------+-------------------------------------------
     0 | D:1      | qw the Minotaur Hexslinger began the quest for the Orb.
     0 | D:1      | Reached XP level 1. HP: 16/16 MP: 1/1
     0 | D:1      | 0 ||| qw: Version: 0.3-a-52-g30416fa
     0 | D:1      | 0 ||| qw: Game counter: 7199
     0 | D:1      | 0 ||| qw: Melee chars always use a shield: true
     0 | D:1      | 0 ||| qw: God list: Okawaru
     0 | D:1      | 0 ||| qw: Allow faded altars: false
     0 | D:1      | 0 ||| qw: Do Orc after clearing Dungeon:15 true
     0 | D:1      | 0 ||| qw: Do second Lair branch before Depths: true
     0 | D:1      | 0 ||| qw: Lair rune preference: random
     0 | D:1      | 0 ||| qw: Goals: Normal
     0 | D:1      | 0 ||| PLANNING D:1-11
   516 | D:1      | Reached skill level 3 in Ranged Weapons
   518 | D:1      | Reached XP level 2. HP: 23/23 MP: 2/2
  1318 | D:1      | 1318 ||| UPGRADING to +0 pair of gloves.
  1323 | D:1      | 1323 ||| READING scroll labelled YFIATT MOINES.
  1324 | D:1      | 1324 ||| READING scroll labelled PUNEPAEGOFA.
  1325 | D:1      | 1325 ||| READING scroll labelled EHAAME CAHEYS.
  1328 | D:1      | 1328 ||| READING 4 scrolls labelled PYUNWESYRE.
  1329 | D:1      | 1329 ||| READING scroll labelled YKLIJA PAPA.
  1330 | D:1      | 1330 ||| DRINKING 2 coppery potions.
  1330 | D:1      | Gained mutation: You are partially covered in large bone
                  | plates. (SH +4) [potion of mutation]
  1330 | D:1      | Gained mutation: You are partially covered in iridescent
                  | scales. (AC +2) [potion of mutation]
  1331 | D:1      | 1331 ||| READING 3 scrolls of identify.
  1331 | D:1      | 1331 ||| IDENTIFYING cyan potion
  1332 | D:1      | 1332 ||| DROPPING scroll of poison.
  1360 | D:2      | Reached XP level 3. HP: 29/29 MP: 3/3
  1367 | D:2      | 1367 ||| STAIRDANCE
  1424 | D:2      | Noticed Sigmund
  1429 | D:2      | Reached skill level 4 in Ranged Weapons
  1431 | D:2      | 1431 ||| FLEEEEING.
  1432 | D:2      | 1432 ||| STAIRDANCE
  1519 | D:2      | 1519 ||| STAIRDANCE
  1522 | D:1      | HP: 3/29 [gnoll/+0 flail (13)]
  1523 | D:1      | 1523 ||| DRINKING potion of heal wounds.
  1534 | D:1      | Reached XP level 4. HP: 12/36 MP: 4/4
  1628 | D:2      | 1628 ||| STAIRDANCE
  1646 | D:2      | 1646 ||| STAIRDANCE
  1705 | D:2      | Killed Sigmund
  1706 | D:2      | Reached skill level 6 in Ranged Weapons
  1706 | D:2      | Reached XP level 5. HP: 14/41 MP: 5/5
  1783 | D:2      | 1783 ||| FLEEEEING.
  1789 | D:2      | 1789 ||| STAIRDANCE
  2074 | D:2      | Reached XP level 6. HP: 50/50 MP: 6/6
  2187 | D:2      | Found a faded altar of an unknown god.
  2211 | D:2      | 2211 ||| UPGRADING to +0 pair of boots.
  2216 | D:2      | 2216 ||| UPGRADING to +0 leather armour.
  2226 | D:2      | 2226 ||| DROPPING +0 robe.
  2227 | D:2      | 2227 ||| READING scroll labelled VAZXUG QOINO.
  2262 | D:3      | Found Ireden's Weapon Emporium.
  2271 | D:3      | 2271 ||| SHOPLISTING +1 arbalest of flaming (151 gold, have
                  | 75).
  2303 | D:3      | Reached skill level 3 in Fighting
  2473 | D:3      | Found a glowing silver altar of Zin.
  2520 | D:3      | Found a hide-covered altar of Uskayaw.
  2545 | D:3      | Reached skill level 1 in Armour
  2662 | D:3      | Found a sacrificial altar of Ru.
  2681 | D:3      | Found a broken altar of Ashenzari.
  2765 | D:3      | 2765 ||| SWAPPING to +0 shortbow.
  2768 | D:3      | 2768 ||| DROPPING +1 sling of draining.
  2874 | D:3      | Found a sparkling altar of Nemelex Xobeh.
  2924 | D:3      | Found a snail-covered altar of Cheibriados.
  2939 | D:3      | Found a stormy altar of Qazlal.
  3091 | D:3      | 3091 ||| UPGRADING to +0 ring mail.
  3101 | D:3      | 3101 ||| DROPPING +0 leather armour.
  3102 | D:3      | 3102 ||| UPGRADING to +1 leather armour of poison
                  | resistance.
  3112 | D:3      | 3112 ||| DROPPING +0 ring mail.
  3113 | D:3      | 3113 ||| READING 2 scrolls of identify.
  3113 | D:3      | 3113 ||| IDENTIFYING fizzy white potion
  3114 | D:3      | 3114 ||| DROPPING potion of degeneration.
  3416 | D:4      | Reached skill level 7 in Ranged Weapons
  3584 | D:4      | Found a staircase to the Ecumenical Temple.
  3585 | D:4      | 3585 ||| PLANNING TEMPLE
  3585 | D:4      | 3585 ||| UPGRADING to +4 ring of protection.
  3586 | D:4      | 3586 ||| READING scroll labelled DEILEA DONI.
  3587 | D:4      | 3587 ||| READING 2 scrolls of identify.
  3587 | D:4      | 3587 ||| IDENTIFYING lumpy inky potion
  3588 | D:4      | 3588 ||| DROPPING potion of brilliance.
  3597 | Temple   | Entered the Ecumenical Temple
  3598 | Temple   | 3598 ||| PLANNING OKAWARU WORSHIP
  3668 | Temple   | Became a worshipper of Warmaster Okawaru
  3669 | Temple   | 3669 ||| PLANNING D:1-11
  3715 | D:4      | Reached XP level 7. HP: 59/59 MP: 7/7
  4318 | D:4      | 4318 ||| UPGRADING to ring of see invisible.
  4319 | D:4      | 4319 ||| READING scroll labelled TIRGHE WANI.
  4320 | D:4      | 4320 ||| READING scroll labelled RUPREO UBOEPNO.
  4421 | D:4      | 4421 ||| READING scroll labelled IGHUDGH FOHAPNI.
  4443 | D:5      | Entered Level 5 of the Dungeon
  4452 | D:5      | Reached skill level 8 in Ranged Weapons
  4863 | D:5      | Found a blossoming altar of Fedhas.
  4872 | D:5      | 4872 ||| UPGRADING to +0 cloak.
  4877 | D:5      | 4877 ||| READING scroll labelled IMIBE CEUSUS.
  5059 | D:6      | Reached skill level 3 in Dodging
  5109 | D:6      | Found a shadowy altar of Dithmenos.
  5152 | D:6      | Reached * piety under Okawaru
  5153 | D:6      | Reached XP level 8. HP: 36/68 MP: 8/8
  5268 | D:6      | 5268 ||| INVOKING Heroism.
  5270 | D:6      | 5270 ||| Stepping ~*~*~tactically~*~*~ (outnumbered).
  5281 | D:6      | 5281 ||| FLEEEEING.
  5490 | D:6      | Reached skill level 9 in Ranged Weapons
  5507 | D:6      | 5507 ||| INVOKING Heroism.
  5511 | D:6      | Reached skill level 1 in Invocations
  5612 | D:6      | 5612 ||| Stepping ~*~*~tactically~*~*~ (outnumbered).
  5823 | D:6      | Found a glowing golden altar of the Shining One.
  5896 | D:6      | 5896 ||| READING 2 scrolls labelled MIFRISO XAEW.
  5897 | D:6      | 5897 ||| READING scroll labelled VOWUNODW ENUGE.
  5898 | D:6      | 5898 ||| DRINKING 2 clear potions.
  5899 | D:6      | 5899 ||| READING 2 scrolls of identify.
  5899 | D:6      | 5899 ||| IDENTIFYING emerald potion
  5900 | D:6      | 5900 ||| DROPPING potion of attraction.
  5901 | D:6      | 5901 ||| DROPPING scroll of summoning.
  5972 | D:7      | Reached skill level 6 in Fighting
  5972 | D:7      | 5972 ||| FLEEEEING.
  5973 | D:7      | 5973 ||| FLEEEEING.
  5974 | D:7      | 5974 ||| FLEEEEING.
  5975 | D:7      | 5975 ||| FLEEEEING.
  5976 | D:7      | 5976 ||| FLEEEEING.
  5977 | D:7      | 5977 ||| FLEEEEING.
  5978 | D:7      | 5978 ||| STAIRDANCE
  6155 | D:7      | 6155 ||| INVOKING Heroism.
  6252 | D:7      | Found Gosmuocs's Weapon Shop.
  6258 | D:7      | 6258 ||| SHOPLISTING +10 shortbow "Abigio" {drain, rC+
                  | Will+ Int+3} (1138 gold, have 270).
  6269 | D:7      | 6269 ||| INVOKING Heroism.
  6288 | D:7      | Found Zuegut's Armour Emporium.
  6290 | D:7      | Found Umaxkih's Book Shoppe.
  6343 | D:7      | Found Fisiur's Antique Armour Boutique.
  6349 | D:7      | 6349 ||| BUYING dyed leather armour (125 gold).
  6349 | D:7      | Bought a dyed leather armour for 125 gold pieces
  6349 | D:7      | 6349 ||| SHOPLISTING pair of polished gloves (237 gold,
                  | have 204).
  6525 | D:7      | 6525 ||| READING 3 scrolls of brand weapon.
  6525 | D:7      | 6525 ||| BRANDING +1 shortbow.
  6526 | D:7      | 6526 ||| READING 2 scrolls of brand weapon.
  6526 | D:7      | 6526 ||| BRANDING +1 shortbow of flaming.
  6527 | D:7      | 6527 ||| READING scroll of brand weapon.
  6527 | D:7      | 6527 ||| BRANDING +1 shortbow of freezing.
  6614 | D:7      | 6614 ||| SHOPLISTING +1 robe of Dosom {Drain +Inv SInv
                  | Stlth+} (316 gold, have 204).
  6614 | D:7      | 6614 ||| SHOPLISTING +2 pair of boots (247 gold, have 204).
  6629 | D:7      | Found Osoag's Antique Weapon Emporium.
  6637 | D:7      | 6637 ||| SHOPLISTING runed longbow (228 gold, have 204).
  6637 | D:7      | 6637 ||| BUYING runed orcbow (156 gold).
  6637 | D:7      | Bought a runed orcbow for 156 gold pieces
  6637 | D:7      | 6637 ||| SWAPPING to +7 orcbow.
  6638 | D:7      | 6638 ||| DROPPING +1 shortbow of draining.
  6669 | D:7      | 6669 ||| UPGRADING to +5 ring of evasion.
  6671 | D:7      | 6671 ||| READING 2 scrolls of identify.
  6671 | D:7      | 6671 ||| IDENTIFYING red potion
  6672 | D:7      | 6672 ||| DROPPING potion of invisibility.
  6806 | D:8      | Reached skill level 10 in Ranged Weapons
  6808 | D:8      | Reached skill level 3 in Invocations
  7027 | D:8      | Reached XP level 9. HP: 79/79 MP: 10/10
  7087 | D:8      | Noticed Gastronok
  7088 | D:8      | 7088 ||| INVOKING Heroism.
  7107 | D:8      | Killed Gastronok
  7108 | D:8      | Reached skill level 6 in Dodging
  7108 | D:8      | Reached skill level 6 in Invocations
  7124 | D:8      | Found a basalt altar of Yredelemnul.
  7185 | D:8      | Found a white marble altar of Elyvilon.
  7212 | D:8      | Reached ** piety under Okawaru
  7282 | D:8      | 7282 ||| INVOKING Heroism.
  7373 | D:8      | 7373 ||| INVOKING Heroism.
  7508 | D:8      | 7508 ||| INVOKING Heroism.
  7627 | D:8      | 7627 ||| UPGRADING to +2 hat of stealth.
  7632 | D:8      | 7632 ||| DROPPING +4 ring of slaying {mikee}.
  7633 | D:8      | 7633 ||| DRINKING 2 dark potions.
  7667 | D:8      | 7667 ||| DRINKING 2 metallic golden potions.
  7668 | D:8      | 7668 ||| DROPPING potion of lignification.
  7707 | D:9      | Found a staircase to the Lair.
  7708 | D:9      | 7708 ||| INVOKING Heroism.
  7709 | D:9      | Noticed an elephant
  7711 | D:9      | Reached skill level 11 in Ranged Weapons
  7722 | D:9      | Reached skill level 3 in Armour
  7722 | D:9      | Reached XP level 10. HP: 84/86 MP: 11/13
  7722 | D:9      | Killed an elephant
  7750 | D:9      | Found a runed translucent gate.
  7751 | D:9      | Found a runed translucent gate.
  7752 | D:9      | Found a runed translucent gate.
  7753 | D:9      | Noticed qw's ghost (novice MiHs)
  7769 | D:9      | Paralysed by a hornet for 3 turns
  7839 | D:9      | 7839 ||| INVOKING Heroism.
  7841 | D:9      | Reached skill level 12 in Ranged Weapons
  7850 | D:9      | Reached *** piety under Okawaru
  8064 | D:9      | 8064 ||| INVOKING Heroism.
  8117 | D:9      | Found an opulent altar of Gozag.
  8199 | D:9      | 8199 ||| INVOKING Heroism.
  8232 | D:9      | Found an ancient bone altar of Kikubaaqudgha.
  8341 | D:9      | Noticed Erolcha
  8342 | D:9      | 8342 ||| INVOKING Heroism.
  8349 | D:9      | Killed Erolcha
  8350 | D:9      | Reached skill level 13 in Ranged Weapons
  8733 | D:9      | Found a viscous altar of Jiyva.
  8735 | D:9      | 8735 ||| PLANNING LAIR
  8735 | D:9      | 8735 ||| READING scroll labelled AZXUWAOSCHO.
  8736 | D:9      | 8736 ||| READING scroll labelled ZELAPIM KUIBO.
  8736 | D:9      | Identified a scroll of acquirement
  8736 | D:9      | 8736 ||| ACQUIRING ring "Zaddyf" {Fly Str+6 Int+4 Slay+2
                  | Stlth-}
  8736 | D:9      | Acquired the ring "Zaddyf" {Fly Str+6 Int+4 Slay+2 Stlth-}
  8738 | D:9      | 8738 ||| UPGRADING to ring "Zaddyf" {Fly Str+6 Int+4 Slay+2
                  | Stlth-}.
  8740 | D:9      | 8740 ||| UPGRADING to +5 ring of evasion.
  8742 | D:9      | 8742 ||| DROPPING ring of see invisible.
  8743 | D:9      | 8743 ||| DRINKING 2 glowing white potions.
  8744 | D:9      | 8744 ||| DRINKING potion of curing.
  8744 | D:9      | 8744 ||| (to cure confusion)
  8745 | D:9      | 8745 ||| READING 2 scrolls of identify.
  8745 | D:9      | 8745 ||| IDENTIFYING glowing sapphire potion
  8746 | D:9      | 8746 ||| DROPPING potion of berserk rage.
  8747 | D:9      | 8747 ||| DROPPING potion of ambrosia.
  8757 | Lair:1   | Entered Level 1 of the Lair of Beasts
  8796 | Lair:1   | Noticed an elephant
  8798 | Lair:1   | Noticed an elephant
  8799 | Lair:1   | Noticed an elephant
  8800 | Lair:1   | Noticed an elephant
  8801 | Lair:1   | Noticed an elephant
  8802 | Lair:1   | Noticed an elephant
  8804 | Lair:1   | Killed an elephant
  8805 | Lair:1   | Reached skill level 9 in Fighting
  8805 | Lair:1   | 8805 ||| FLEEEEING.
  8814 | Lair:1   | Killed an elephant
  8817 | Lair:1   | 8817 ||| INVOKING Heroism.
  8820 | Lair:1   | Killed an elephant
  8822 | Lair:1   | HP: 16/91 [elephant (10)]
  8823 | Lair:1   | 8823 ||| READING 4 scrolls of teleportation.
  8824 | Lair:1   | 8824 ||| DRINKING 2 potions of heal wounds.
  8828 | Lair:1   | Killed an elephant
  8828 | Lair:1   | Found a runed translucent door.
  8829 | Lair:1   | Reached XP level 11. HP: 40/97 MP: 12/14
  8987 | Lair:1   | Found a shimmering altar of Xom.
  8987 | Lair:1   | Noticed qw's ghost (journeyman GrFi)
  8987 | Lair:1   | Noticed a +2 trident of chaos
  9022 | Lair:1   | Reached skill level 14 in Ranged Weapons
  9260 | Lair:1   | Reached **** piety under Okawaru
  9521 | Lair:1   | 9521 ||| INVOKING Heroism.
  9568 | Lair:1   | Noticed a death yak
  9569 | Lair:1   | 9569 ||| INVOKING Heroism.
  9576 | Lair:1   | Killed a death yak
  9613 | Lair:1   | 9613 ||| INVOKING Heroism.
  9642 | Lair:1   | Noticed a death yak
  9644 | Lair:1   | Noticed a death yak
  9647 | Lair:1   | Noticed a death yak
  9647 | Lair:1   | Noticed a death yak
  9648 | Lair:1   | Noticed a death yak
  9651 | Lair:1   | 9651 ||| INVOKING Heroism.
  9657 | Lair:1   | Killed a death yak
  9661 | Lair:1   | HP: 16/99 [death yak (14)]
  9662 | Lair:1   | 9662 ||| READING 3 scrolls of teleportation.
  9663 | Lair:1   | 9663 ||| DRINKING potion of heal wounds.
  9664 | Lair:1   | HP: 6/99 [death yak (10)]
  9998 | Lair:1   | 9998 ||| INVOKING Heroism.
 10158 | Lair:1   | 10158 ||| INVOKING Heroism.
 10171 | Lair:1   | Killed a death yak
 10173 | Lair:1   | HP: 20/99 [death yak (8)]
 10173 | Lair:1   | HP: 8/99 [death yak (12)]
 10173 | Lair:1   | Mangled by a death yak

Levels and vault maps discovered:
D:1:      psy_arrival_fountain, layout_basic
D:2:      layout_rooms, chequers_ecumenical_altar_lobes, uniq_sigmund
D:3:      layout_basic, mainiacjoe_overflow_paths, nemelex_dance_club_becter,
          nicolae_overflow_quartered_altars, eat_drink_and_be_merry_uskayaw,
          serial_shops, shop
D:4:      minmay_diamond_boxcup, layout_basic, minmay_temple_entry_mini_moons,
          serial_undead, serial_undead_d, serial_undead_f, serial_undead_a,
          serial_undead_e
D:5:      layout_cave_pools, fedhas_altar_4
D:6:      layout_loops_ring, mainiacjoe_overflow_cross_hatched, tso_oasis_becter
D:7:      layout_basic, serial_shops, shop, shop, shop, shop,
          nicolae_shop_just_a_little_nook
D:8:      layout_gridville, kennysheep_ying_yang, minmay_misc_feat_ornament,
          uniq_gastronok
D:9:      layout_long_grid, nicolae_gozag_cash_rules_everything_around_me,
          kiku_gazebo_pond_becter, david_lair_generic, gammafunk_ghost_ooze,
          uniq_erolcha
Temple:   nicolae_temple_colour_theory
Lair:1:   layout_gridlike, lightli_volcano_entry_magma_tube, ebering_ghost_xom,
          chequers_serial_rivers_room_b

Skill      XL: |  1  2  3  4  5  6  7  8  9 10 11 |
---------------+----------------------------------+-----
Ranged Weapons | 3 4 6 7 8 10 11 13 14 | 14.7
Fighting       | 2 4 5 7 9 10 | 10.0
Armour         | 1 2 3 4 |  4.5
Dodging        | 3 6 |  6.2
Invocations    | 3 6 7 |  7.7
Spellcasting   | |  1.0
Hexes          | |  2.0

Action                     |  1- 3 |  4- 6 |  7- 9 | 10-12 || total
---------------------------+-------+-------+-------+-------++-------
   Fire: Sling             |    88 |   107 |       |       ||   195
         Shortbow          |       |   112 |   257 |       ||   369
         Orcbow            |       |       |    92 |   257 ||   349
 Invoke: Heroism           |       |       |     9 |    11 ||    20
    Use: Scroll            |     6 |     4 |    11 |     5 ||    26
         Potion            |     2 |       |     3 |     4 ||     9
 Armour: Robe              |     8 |     4 |       |       ||    12
         Leather armour    |       |    31 |    46 |    25 ||   102
  Dodge: Dodged            |    37 |    47 |    90 |    99 ||   273
  Block: Other             |     9 |    12 |    30 |    22 ||    73

Table legend:
 A = Non-vault XP
 B = Vault XP
 C = Vault XP percentage of total XP
 D = Non-vault monster count
 E = Vault monster count
 F = Vault count percentage of total count
                 A         B        C        D         E       F
            +---------+---------+-------+---------+---------+-------
      Total |   14223 |    3923 |  21.6 |     182 |      25 |  12.1
            +---------+---------+-------+---------+---------+-------
        D:1 |      66 |       0 |   0.0 |      18 |       0 |   0.0
        D:2 |      93 |     239 |  72.0 |      26 |       1 |   3.7
        D:3 |      89 |       5 |   5.3 |      15 |       2 |  11.8
        D:4 |     136 |     228 |  62.6 |      19 |      16 |  45.7
        D:5 |     132 |       0 |   0.0 |       3 |       0 |   0.0
        D:6 |     785 |       0 |   0.0 |      20 |       0 |   0.0
        D:7 |     620 |       0 |   0.0 |      11 |       0 |   0.0
        D:8 |    1057 |    1549 |  59.4 |      20 |       1 |   4.8
        D:9 |    2637 |    1902 |  41.9 |      29 |       5 |  14.7
     Lair:1 |    8608 |       0 |   0.0 |      21 |       0 |   0.0
            +---------+---------+-------+---------+---------+-------
